 Dungeon Crawl Stone Soup version 0.27.0-1-g7a089689b8 (webtiles) character file.

Game seed: 96354621997631376

1917 backslashecho the Cleaver (level 8, -5/97 HPs)
             Began as a Minotaur Monk on Aug 6, 2021.
             Was a High Priest of Ru.
             Slain by Harold (16 damage)
             ... on level 7 of the Dungeon on Aug 7, 2021.
             The game lasted 00:18:17 (7887 turns).

backslashecho the Cleaver (Minotaur Monk)           Turns: 7887, Time: 00:18:18

Health: -5/97      AC: 13    Str: 23      XL:     8   Next: 95%
Magic:  7/7        EV:  6    Int:  6 (7)  God:    Ru [*****.]
Gold:   307        SH:  0    Dex: 14      Spells: 7/7 levels left

rFire    . . .     SeeInvis .   q - +0 war axe
rCold    . . .     Faith    .   (no shield)
rNeg     . . .     Spirit   .   r - +0 plate armour
rPois    .         Reflect  .   (helmet restricted)
rElec    .         Harm     .   (no cloak)
rCorr    .         Rampage  .   (no gloves)
Will     .....                  g - +0 pair of boots
Stlth    ..........             (no amulet)
HPRegen  0.26/turn              f - +6 ring of strength
MPRegen  0.10/turn              (no ring)

@: mighty, berserking, studying Air Magic, very quick
A: horns 2, frail 1, hated by all, inability to train dodging, retaliatory
headbutt
a: Renounce Religion, Draw Out Power, Power Leap, Apocalypse


You were on level 7 of the Dungeon.
You worshipped Ru.
Ru was extremely pleased with you.
You visited 1 branch of the dungeon, and saw 7 of its levels.

You collected 307 gold pieces.

Inventory:

Hand Weapons
 a - a +0 hand axe
 q - a +0 war axe (weapon)
Missiles
 d - 76 poisoned darts (quivered)
 o - a throwing net
Armour
 g - a +0 pair of boots (worn)
 r - a +0 plate armour (worn)
Jewellery
 f - a +6 ring of strength (left hand)
Scrolls
 b - 2 scrolls of identify
 c - 2 scrolls of holy word {unknown}
 j - 4 scrolls of teleportation {unknown}
 k - 2 scrolls of noise {unknown}
 l - a scroll of immolation {unknown}
 m - 2 scrolls of fog {unknown}
 p - a scroll of fear {unknown}
 v - a scroll of summoning {unknown}
 x - a scroll of enchant weapon {unknown}
 y - 2 scrolls of enchant armour {unknown}
Potions
 e - a potion of berserk rage
 h - a potion of might
 i - a potion of flight
 u - a potion of attraction {unknown}
 w - a potion of heal wounds {unknown}
 z - a potion of mutation {unknown}


   Skills:
 + Level 7.1 Fighting
 * Level 9.5 Axes
 + Level 5.9 Armour
 + Level 4.9 Stealth
 - Level 1.0 Unarmed Combat


You had 7 spell levels left.
You didn't know any spells.
Your spell library contained the following spells:

 Spells                   Type           Power      Damage    Failure   Level
 Beastly Appendage        Tmut           0%         N/A       100%        1
 Ensorcelled Hibernation  Hex/Ice        0%         N/A       100%        2
 Sublimation of Blood     Necr           0%         N/A       100%        2
 Wereblood                Tmut           0%         N/A       100%        2
 Spider Form              Tmut/Pois      0%         N/A       100%        3
 Eringya's Noxious Bog    Tmut/Pois      0%         N/A       100%        6
 Summon Forest            Summ/Tloc      Unusable   N/A       N/A         5
 Shadow Creatures         Summ           Unusable   N/A       N/A         6
 Summon Hydra             Summ           Unusable   N/A       N/A         7

Dungeon Overview and Level Annotations

Branches:
Dungeon (7/15)             Temple (0/1) D:7

Altars:
Ru
Beogh

Shops:
D:2 [[

Annotations:
D:6 3 runed translucent doors, ZombieSheep's ghost, novice GrBe
D:7 Harold


Innate Abilities, Weirdness & Mutations

You have a pair of horns on your head.
You are frail. (-10% HP)
You are hated by all.
You cannot train Dodging skill.
You reflexively headbutt those who attack you in melee.


Message History

You slash Harold!
Harold is lightly wounded.
Harold hits you with a +0 glaive!
You take 8 damage, and have 38/65 hp.
You barely miss Harold. You headbutt Harold!
Harold is moderately wounded.
You redirect Harold's attack!
Harold hits the yak with a +0 glaive!!
You hit Harold.
Harold is moderately wounded.
Harold hits you but does no damage.
You completely miss Harold. You headbutt Harold!
Harold is heavily wounded.
Harold hits you with a +0 glaive!!
* * * LOW HITPOINT WARNING * * *
You take 23 damage, and have 16/65 hp.
MASSIVE DAMAGE!!
You hit Harold.
Harold is heavily wounded.
Harold hits you with a +0 glaive!
* * * LOW HITPOINT WARNING * * *
You take 9 damage, and have 7/65 hp.
Okay, then.
Okay, then.
You feel better.
Harold points at you and mumbles some strange words.
You barely resist.
You regained 9 hp, and now have 16/65 hp.
A red film seems to cover your vision as you go berserk!
You feel yourself moving faster!
You feel mighty!
Harold begins to cast a spell, but is stunned by your conviction!
You now have 25/97 hp.
Your plate armour prevents you from hitting Harold.
Harold is heavily wounded.
Harold hits you with a +0 glaive!
* * * LOW HITPOINT WARNING * * *
You take 14 damage, and have 11/97 hp.
You slash Harold!
Harold is heavily wounded.
Harold hits you with a +0 glaive!
You die...

##.....)....
##...#.####
#.....# #...###
#...#
#####...#######.
................
#.#####.########
#@# #@# #Y# #Y##
#..# ##.# #.#
#.# #.#


You could see Harold and 2 yaks.

Vanquished Creatures
  3 yaks
  An ice beast (D:6)
  An orc warrior (D:5)
  2 black bears
  Blork the orc (D:4)
  A scorpion (D:6)
  A water moccasin zombie (D:5)
  2 water moccasin skeletons (D:5)
  5 wights (D:5)
  2 howler monkeys (D:6)
  A bullfrog zombie (D:6)
  7 hounds
  A jelly (D:6)
  4 orc priests
  2 bullfrog skeletons (D:5)
  2 iguanas
  An orc wizard (D:5)
  A scorpion zombie (D:5)
  A howler monkey zombie (D:7)
  5 adders
  2 ufetubi
  2 worms (D:2)
  2 dart slugs
  20 orcs
  3 bats (D:1)
  6 endoplasms
  A giant cockroach (D:2)
  8 goblins
  4 hobgoblins
  3 jackals (D:3)
  6 kobolds
  6 quokkas
  2 ball pythons
  6 rats
115 creatures vanquished.

Vanquished Creatures (others)
  An orc (D:6)
  2 plants (D:2)
3 creatures vanquished.

Grand Total: 118 creatures vanquished

Notes
Turn   | Place    | Note
-------+----------+-------------------------------------------
     0 | D:1      | backslashecho the Minotaur Monk began the quest for the
                  | Orb.
     0 | D:1      | Reached XP level 1. HP: 19/19 MP: 0/0
   192 | D:1      | Reached XP level 2. HP: 27/27 MP: 1/1
   377 | D:1      | Reached skill level 4 in Axes
   627 | D:1      | Reached skill level 1 in Armour
   707 | D:1      | Reached XP level 3. HP: 33/33 MP: 2/2
   991 | D:2      | Found Fainuz's Antique Armour Shoppe.
  1058 | D:2      | Reached skill level 1 in Unarmed Combat
  1186 | D:2      | Found Ege Jew's Antique Armour Emporium.
  1314 | D:2      | Found a faded altar of an unknown god.
  1639 | D:2      | Became a worshipper of Ru the Awakened
  1797 | D:2      | Gained mutation: You cannot train Dodging skill. [Ru
                  | sacrifice]
  1797 | D:2      | Reached * piety under Ru
  2422 | D:3      | Reached XP level 4. HP: 29/40 MP: 3/3
  2880 | D:3      | Reached skill level 5 in Axes
  3203 | D:4      | Reached XP level 5. HP: 44/47 MP: 4/4
  3798 | D:4      | Noticed Blork the orc
  3809 | D:4      | Killed Blork the orc
  3810 | D:4      | Reached XP level 6. HP: 29/55 MP: 5/5
  4504 | D:4      | Gained mutation: You are hated by all. [Ru sacrifice]
  4504 | D:4      | Reached ** piety under Ru
  4504 | D:4      | Reached *** piety under Ru
  4820 | D:5      | Entered Level 5 of the Dungeon
  4886 | D:5      | Reached skill level 5 in Fighting
  4886 | D:5      | Reached skill level 6 in Axes
  5201 | D:5      | Reached XP level 7. HP: 60/61 MP: 6/6
  5393 | D:5      | Reached skill level 7 in Axes
  5502 | D:5      | Noticed a yak
  5511 | D:5      | Killed a yak
  6057 | D:5      | Reached XP level 8. HP: 70/70 MP: 7/7
  6067 | D:5      | Reached skill level 8 in Axes
  6467 | D:6      | Reached skill level 5 in Armour
  6782 | D:5      | Reached skill level 9 in Axes
  7276 | D:6      | Found a runed translucent gate.
  7280 | D:6      | Found a runed translucent gate.
  7280 | D:6      | Noticed ZombieSheep's ghost (novice GrBe)
  7281 | D:6      | Identified the +10 plate armour of the Saviour {Regen+
                  | rCorr Str-2 Int+3}
  7281 | D:6      | Found a runed translucent gate.
  7289 | D:6      | Found the +2 cloak of the Thief {*Fog Slay-2 SInv Stlth+}
  7625 | D:6      | Gained mutation: You are frail. (-10% HP) [Ru sacrifice]
  7625 | D:6      | Reached **** piety under Ru
  7625 | D:6      | Reached ***** piety under Ru
  7843 | D:7      | Found a staircase to the Ecumenical Temple.
  7843 | D:7      | Noticed Harold
  7887 | D:7      | Slain by Harold

Illustrated notes

Levels and vault maps discovered:
D:1:      sevenhm_arrival_forest_fort_small_3, layout_loops_ring
D:2:      layout_basic, chequers_ecumenical_altar_twisty, serial_shops,
          nicolae_shop_trees, shop, serial_forest,
          infiniplex_forest_lined_3_way, infiniplex_forest_lined_room_2,
          infiniplex_forest_clump_curved, infiniplex_forest_straight_2,
          infiniplex_forest_end_3, infiniplex_forest_lined_3,
          infiniplex_forest_side_room, infiniplex_forest_corner_2,
          infiniplex_forest_clump_double, minmay_hexomino_p4
D:3:      cheibrodos_pilgrimage, layout_basic, minmay_misc_feat_alley,
          chequers_serial_rivers_small_a
D:4:      layout_layer_cave, kennysheep_nub, grunt_decor_fettered,
          uniq_blork_the_orc
D:5:      layout_cave_pods, minmay_manual_macuahuitl
D:6:      minmay_general_purpose_star, layout_gridville,
          biasface_ghost_orc_armoury, serial_park_tiny_pond,
          amcnicky_mini_corridor_feature
D:7:      layout_loops_ring, marbit_many_paths, minmay_temple_entry_glass,
          serial_shops, kennysheep_mini_moat, minmay_misc_feat_tower,
          nicolae_zen_rock_garden, chequers_serial_rivers_micro_b, uniq_harold,
          uniq_menkaure

Skill      XL: |  1  2  3  4  5  6  7  8 |
---------------+-------------------------+-----
Axes           | 4 5 6 7 9 |  9.5
Armour         | 1 2 3 4 5 |  5.9
Fighting       | 4 5 6 7 |  7.1
Unarmed Combat | 1 |  1.0
Stealth        | 2 3 4 |  4.9
Dodging        | 0 |  0.0

Action                   |  1- 3 |  4- 6 |  7- 9 || total
-------------------------+-------+-------+-------++-------
Melee: Hand axe          |   103 |   117 |   191 ||   411
       Headbutt          |    15 |    24 |    51 ||    90
       Punch             |       |       |     2 ||     2
       War axe           |       |       |    10 ||    10
Throw: Dart              |       |     2 |     3 ||     5
       Throwing net      |       |       |     1 ||     1
Invok: Sacrifice Nimblen |     1 |       |       ||     1
       Sacrifice Love    |       |     1 |       ||     1
       Draw Out Power    |       |       |     1 ||     1
       Sacrifice Health  |       |       |     1 ||     1
  Use: Scroll            |       |     3 |     1 ||     4
       Potion            |       |       |     8 ||     8
 Stab: Sleeping          |     4 |       |       ||     4
       Distracted        |       |     2 |     2 ||     4
       Invisible         |       |     1 |     5 ||     6
Armor: Ring mail         |    43 |     1 |       ||    44
       Robe              |     1 |       |       ||     1
       Scale mail        |       |    20 |       ||    20
       Plate armour      |       |    42 |    89 ||   131
       Skin              |       |       |    22 ||    22
Dodge: Dodged            |    52 |    37 |    42 ||   131
